 Dungeon Crawl Stone Soup version 0.31-a0-202-g547052bce9 (webtiles) character file.

Game seed: 8525660542230098217

21 innerfire43 the Trooper (level 2, 0/24 HPs)
             Began as a Demonspawn Monk on June 26, 2023.
             Slain by Sigmund
             ... wielding a +0 scythe
              (5 damage)
             ... on level 2 of the Dungeon.
             The game lasted 00:00:56 (306 turns).

innerfire43 the Trooper (Demonspawn Monk)            Turns: 306, Time: 00:00:57

Health: 0/24       AC:  2    Str: 11    XL:     2   Next: 65%
Magic:  2/2        EV: 18    Int: 11    God:
Gold:   0          SH:  0    Dex: 15    Spells: 1/1 levels left

rFire   . . .        a - +0 hand axe
rCold   . . .        d - orb {light}
rNeg    . . .        b - +0 robe
rPois   .            (no helmet)
rElec   .            (no cloak)
rCorr   .            (no gloves)
SInv    .            (no boots)
Will    .....        (no amulet)
Stlth   +            i - +5 ring of evasion
HPRegen 0.24/turn    (no ring)
MPRegen 0.08/turn

%: no passive effects
@: confused, glowing
A: demonic touch 1
a: no special abilities


You were on level 2 of the Dungeon.
You visited 1 branch of the dungeon, and saw 2 of its levels.

Inventory:

Hand Weapons
 a - a +0 hand axe (weapon)
Armour
 b - a +0 robe (worn)
 d - an orb of light (worn)
 f - a +0 leather armour of willpower
Jewellery
 i - a +5 ring of evasion (left hand)
Scrolls
 g - a scroll of noise {unknown}
 h - a scroll of enchant armour {unknown}
Potions
 c - a potion of ambrosia
 e - a potion of enlightenment {unknown}


   Skills:
 + Level 3.3 Fighting
 + Level 3.0 Axes
 + Level 3.0 Dodging


You had one spell level left.
You didn't know any spells.
Your spell library was empty.

Dungeon Overview and Level Annotations

Branches:
Dungeon (1/15)

Altars:

Annotations:
D:2 Sigmund


Innate Abilities, Weirdness & Mutations

Your touch may inflict minor irresistible damage on your foes.


Message History

A bat comes into view.
A sourceless malevolence fills the Dungeon...
You fall into a shaft and drop 1 floor!
The shaft crumbles and collapses.
A rat comes into view.
A rat is nearby!
You hit the rat.
You kill the rat!
No target in view!
Sigmund the Dreaded comes into view.
He is wielding a +0 scythe.
Sigmund casts a spell at you. The puff of flame hits you!
Ouch! That really hurt!
You are too injured to fight recklessly!
Sigmund is nearby!
You are too injured to fight recklessly!
You are too injured to fight recklessly!
Found a stone staircase leading down.
Sorry, you're not good enough to have a special ability.
Sigmund gestures wildly while chanting.
Sigmund flickers and vanishes for a moment.
Sigmund drinks a potion.
Sigmund seems to speed up.
You see here 11 gold pieces.
You hit Sigmund.
Sigmund is lightly wounded.
Sigmund barely misses you.
You hit Sigmund but do no damage.
Sigmund is lightly wounded.
Sigmund casts a spell at you.
You are confused.
Sigmund hits you with a +0 scythe!
* * * LOW HITPOINT WARNING * * *
You're too confused to move!
Sigmund closely misses you.
You bump into the rock wall.
Sigmund points at you and mumbles some strange words.
You resist with significant effort.
You barely miss Sigmund.
Sigmund is lightly wounded.
Sigmund hits you with a +0 scythe.
You die...

##.#.## ..
.......## ..#
........##..
...........
........>.
.........
.......@# #...@#
#.##.#
#######.#..######
.................
#####...#######.
#.....# #.....#.#
.......##.#
###.### #.####


You could see Sigmund (fast, invisible).

Vanquished Creatures
  An endoplasm (D:1)
  A giant cockroach (D:1)
  3 goblins (D:1)
  3 jackals (D:1)
  3 kobolds (D:1)
  A ball python (D:1)
  4 bats (D:1)
  A frilled lizard (D:1)
  4 rats
21 creatures vanquished.

Notes
Turn   | Place    | Note
-------+----------+-------------------------------------------
     0 | D:1      | innerfire43 the Demonspawn Monk began the quest for the
                  | Orb.
     0 | D:1      | Reached XP level 1. HP: 18/18 MP: 1/1
    55 | D:1      | Gained mutation: Your touch may inflict minor irresistible
                  | damage on your foes. [demonic ancestry]
    55 | D:1      | Reached XP level 2. HP: 14/24 MP: 2/2
   134 | D:1      | HP: 1/24 [jackal (1)]
   283 | D:1      | You fall into a shaft and drop 1 floor!
   293 | D:2      | Noticed Sigmund
   306 | D:2      | Slain by Sigmund

Illustrated notes

Levels and vault maps discovered:
D:1:      mrwooster_arrival_arrow, layout_rooms
D:2:      layout_rooms, uniq_jessica, uniq_sigmund

Skill      XL: |  1  2 |
---------------+-------+-----
Dodging        | 3 |  3.0
Axes           | 3 |  3.0
Fighting       | |  3.3

Action                     || total
---------------------------++-------
  Melee: Hand axe          ||    48
 Armour: Robe              ||    10
  Dodge: Dodged            ||    46

Table legend: (Time is in decaauts)
 A = Elapsed time spent in this place.
 B = Non-inter-level travel time spent in this place.
 C = Inter-level travel time spent in this place.
 D = Time resting spent in this place.
 E = Time spent auto-exploring this place.
 F = Levels seen in this place.
 G = Mean time per level.
                   A        B        C        D        E       F      G
               +--------+--------+--------+--------+--------+-----+--------+
         Total |    313 |    313 |      0 |      0 |    188 |   2 |  156.5 |
       Dungeon |    313 |    313 |      0 |      0 |    188 |   2 |  156.5 |
               +--------+--------+--------+--------+--------+-----+--------+

Top non-repeatable levels by time:
     D:1: 289 daAuts
     D:2: 23 daAuts
